 Dungeon Crawl Stone Soup version 0.18.1-48-g4cf74bf (webtiles) character file.

983451 Joat the Blood Saint (level 27, -12/249 HPs)
             Began as a Demonspawn Fighter on Sept 5, 2016.
             Was the Champion of Makhleb.
             Mangled by an acid blob (43 damage)
             ... summoned by a gelid corrupter
             ... on level 20 of a ziggurat on Sept 7, 2016.
             The game lasted 13:05:49 (96040 turns).

Joat the Blood Saint (Demonspawn Fighter)          Turns: 96040, Time: 13:05:50

Health: -12/249    AC: 33    Str: 22    XL:     27
Magic:  27/27      EV: 36    Int: 14    God:    Makhleb [******]
Gold:   5711       SH: 29    Dex: 31    Spells: 9 memorised, 25 levels left

rFire  + + +     SeeInvis +     a - +10 war axe of Zijiu {chop, +Blink rPois Dex+4}
rCold  + + +     Gourm    .     c - +5 steam dragon armour of the Slorg {rF+++ MP-9 Str-4 SInv}
rNeg   + + +     Faith    .     j - +2 large shield {AC+3}
rPois  +         Spirit   .     d - +2 helmet {SInv}
rElec  +         Dismiss  .     I - +2 cloak {MR+}
rCorr  +         Reflect  .     Q - +2 pair of gloves of the Sky {Str+4}
SustAt .         Harm     .     (boots unavailable)
MR     +++++     Rnd*Rage +     J - macabre finger necklace {rN+}
Stlth  ++++++....               Y - ring of Muoqaly {rC+++ rN+ MR+ Str-5 Dex+2}
                                y - ring of the Hare {rCorr rPois Str+4}
                                k - ring of Zihih {rElec rPois rN++ Str+2 Dex+3}

@: agile, singing, regenerating (expiring), repel missiles, almost entirely
resistant to hostile enchantments, very stealthy
A: talons 3, slimy green scales 3, berserk 1, cold resistance 1, icemail, low mp
1, magic resistance 1, powered by pain 3, shaggy fur 1, electricity resistance,
augmentation 3, freezing cloud immunity
a: Minor Destruction, Lesser Servant of Makhleb, Major Destruction, Greater
Servant of Makhleb, Renounce Religion, Stop Singing, Evoke Blink
}: 4/15 runes: decaying, slimy, silver, gossamer


You were on level 20 of a ziggurat.
You worshipped Makhleb.
Makhleb was exalted by your worship.
You were not hungry.

You visited 18 branches of the dungeon, and saw 80 of its levels.
You visited the Abyss 1 time.
You visited 1 ziggurat, and saw 20 of its levels.
You also visited: Trove and Ice Cave.

You collected 11046 gold pieces.
You spent 5335 gold pieces at shops.

Inventory:

Hand Weapons
 a - the +10 war axe of Zijiu (weapon) {chop, +Blink rPois Dex+4}
   (You found it on level 6 of the Pits of Slime)

   It inflicts extra damage upon your enemies.
   It affects your dexterity (+4).
   It protects you from poison.
   It lets you blink.
Missiles
 A - 4 silver javelins (quivered)
Armour
 c - the +5 steam dragon armour of the Slorg (worn) {rF+++ MP-9 Str-4 SInv}
   (You found it on level 3 of the Elven Halls)

   It affects your strength (-4).
   It renders you almost immune to fire.
   It affects your magic capacity (-9).
   It lets you see invisible.
 d - a +2 helmet of see invisible (worn)
 j - a +2 large shield of protection (worn)
 I - a +2 cloak of magic resistance (worn)
 Q - the +2 pair of gloves of the Sky (worn) {Str+4}
   (You found it on level 3 of the Vaults)

   It affects your strength (+4).
Jewellery
 k - the ring of Zihih (on amulet) {rElec rPois rN++ Str+2 Dex+3}
   (You bought it in a shop on level 2 of the Orcish Mines)

   [ring of strength]

   It affects your strength (+2).
   It affects your dexterity (+3).
   It insulates you from electricity.
   It protects you from poison.
   It greatly protects you from negative energy.
 n - an uncursed amulet of regeneration
 y - the ring of the Hare (left hand) {rCorr rPois Str+4}
   (You bought it in a shop on level 2 of the Orcish Mines)

   [ring of resist corrosion]

   It affects your strength (+4).
   It protects you from poison.
 J - the macabre finger necklace (around neck) {rN+}
   (You found it on level 10 of a ziggurat)

   [amulet of nothing]

   It protects you from negative energy.
 Y - the ring of Muoqaly (right hand) {rC+++ rN+ MR+ Str-5 Dex+2}
   (You found it on level 3 of the Crypt)

   [ring of positive energy]

   It affects your strength (-5).
   It affects your dexterity (+2).
   It renders you almost immune to cold.
   It protects you from negative energy.
   It affects your resistance to hostile enchantments.
Wands
 H - a wand of digging (6/24)
 K - a wand of teleportation (8/9)
Scrolls
 b - a scroll of silence
 f - 2 scrolls of amnesia
 g - 7 scrolls of identify
 l - 8 scrolls of magic mapping
 o - 26 scrolls of teleportation
 p - 13 scrolls of recharging
 r - 22 scrolls of remove curse
 u - 3 scrolls of enchant armour
 v - 9 scrolls of fear
 z - 8 scrolls of enchant weapon
 L - 5 scrolls of summoning
 O - 16 scrolls of fog
 P - 10 scrolls of blinking
Potions
 e - 3 potions of agility
 h - 5 potions of ambrosia
 i - 6 potions of flight
 m - 22 potions of curing
 s - a potion of cancellation
 B - 11 potions of cure mutation
 C - 3 potions of magic
 D - 5 potions of haste
 E - 6 potions of brilliance
 F - 3 potions of invisibility
 M - 10 potions of might
 N - 8 potions of heal wounds
 R - 6 potions of berserk rage
 X - 4 potions of resistance
Books
 S - a book of Battle

   Spells                             Type                      Level
   a - Infusion                       Charms                       1
   b - Shroud of Golubria             Charms/Translocation         2
   c - Song of Slaying                Charms                       2
   d - Spectral Weapon                Hexes/Charms                 3
   e - Regeneration                   Charms/Necromancy            3
 U - a book of the Sky

   Spells                             Type                      Level
   a - Summon Lightning Spire         Summoning/Air                4
   b - Airstrike                      Air                          4
   c - Silence                        Hexes/Air                    5
   d - Deflect Missiles               Charms/Air                   6
   e - Conjure Ball Lightning         Conjuration/Air              6
   f - Tornado                        Air                          9
Miscellaneous
 t - the horn of Geryon
 V - a disc of storms
 W - 2 phantom mirrors
 Z - a fan of gales
Comestibles
 q - a slice of pizza
 w - 18 royal jellies


   Skills:
 O Level 27 Fighting
 * Level 26.6 Axes
   Level 2.5(18.6) Maces & Flails
 - Level 19.1 Armour
 - Level 14.6 Dodging
 - Level 9.7 Stealth
 - Level 25.2 Shields
 - Level 11.0 Spellcasting
 - Level 16.2 Charms
 - Level 3.5 Summonings
 - Level 6.3 Necromancy
 - Level 12.6 Translocations
 - Level 3.9 Air Magic
 O Level 27 Invocations
 - Level 10.0 Evocations


You had 25 spell levels left.
You knew the following spells:

 Your Spells              Type           Power        Failure   Level  Hunger
b - Blink                 Tloc           N/A          1%          2    None
c - Passage of Golubria   Tloc           N/A          1%          4    ###....
d - Repel Missiles        Chrm/Air       #####.       1%          2    None
h - Haste                 Chrm           ######..     1%          6    ######.
p - Summon Butterflies    Summ           ###.....     2%          1    None
q - Regeneration          Chrm/Necr      #####.....   1%          3    None
r - Swiftness             Chrm/Air       #####...     1%          2    None
w - Song of Slaying       Chrm           ######..     0%          2    None
z - Apportation           Tloc           #####.....   1%          1    None


Dungeon Overview and Level Annotations

Branches:
Dungeon (15/15)            Temple (1/1) D:6            Lair (8/8) D:11
  Swamp (4/4) Lair:5       Spider (4/4) Lair:6        Slime (6/6) Lair:7
    Orc (2/2) D:12            Elf (3/3) Orc:2        Vaults (5/5) D:13
  Crypt (3/3) Vaults:3       Tomb (2/3) Crypt:3      Depths (5/5) D:15
   Hell (1/1)                 Dis (6/7) Hell            Geh (6/7) Hell
    Coc (1/7) Hell            Tar (4/7) Hell            Zot (5/5) Depths:5

Altars:
Ashenzari
Cheibriados
Dithmenos
Elyvilon
Fedhas
Gozag
Kikubaaqudgha
Makhleb
Nemelex Xobeh
Okawaru
Pakellas
Qazlal
Ru
Sif Muna
Trog
Vehumet
Xom
Yredelemnul
Zin
The Shining One
Beogh
Jiyva

Shops:
D:6 :(%(:   D:10 (   Orc:2 =*[(   Elf:2 %*   Elf:3 %   Vaults:3 %
Depths:1 %((*

Portals:
Hell: Depths:1 Depths:2 Depths:3 Depths:4 Depths:5
Abyss: Depths:2 Depths:4
Pandemonium: Depths:3 Depths:5

Annotations:
Depths:4 exclusion: orange crystal statue


Innate Abilities, Weirdness & Mutations

You have claws for feet.
You are completely covered in slimy green scales (AC +4, rPois).
Your flesh is cold resistant.
A meltable icy envelope protects you from harm (AC +0).
You are powered by pain.
Your magical and physical power is greatly enhanced at high health.
You are immune to freezing clouds.
You tend to lose your temper in combat.
Your magical capacity is low (-10% MP).
You are resistant to hostile enchantments.
You are covered in fur (AC +1).
You are resistant to electric shocks.


Message History

The shadow demon gestures.
The large slime creature hits you but does no damage.
Unknown command.
You closely miss Zuaseeb. Your kick misses Zuaseeb.
Zuaseeb is heavily wounded.
You hit the blizzard demon.
The blizzard demon is lightly wounded.
You hit the acid blob.
Your hands burn!
* * * LOW HITPOINT WARNING * * *
The acid blob is severely wounded.
You hit the large slime creature.
The large slime creature is severely wounded.
You barely miss the slime creature.
The slime creature is severely wounded.
The slime creature is no longer berserk.
The slime creature disappears in a puff of smoke!
The large slime creature is no longer berserk.
The large slime creature disappears in a puff of smoke!
You block Zuaseeb's attack. The acid blob hits you!!!
You die...

...........▓
................▓
.............6....∩▓
...................▓
........t..........▓
1..152.4X..........▓
....54##§6.........▓
....232112J........▓
....5222&@§4.......▓
....25612▓▓▓▓▓▓▓▓▓▓▓
......225▓
.........▓
.........▓
.........▓
.........▓
.........▓
▓▓▓▓▓▓▓▓▓▓


You could see Zuaseeb, a Hell Sentinel, a Tzitzimitl, an acid blob (berserk), a
Brimstone Fiend, an Ice Fiend, a cacodemon, a torturous warmonger (berserk), 2
lorocyprocas, a balrug, 2 green deaths, a gelid corrupter, 2 blizzard demons, a
monstrous black sun (petrifying), a shadow demon, an apocalypse crab, a large
abomination, a hellwing, a tormentor, a ynoxinul, a red devil and 5 ufetubi.

Vanquished Creatures
  2 pandemonium lords
  Khufu (Crypt:3)
  6 orbs of fire
  The ghost of Britaniac the Swordmaster, a legendary MiFi of the Shining One (Zig:18)
  Mara (Depths:2)
  Mennas (Vaults:5)
  2 ancient liches
  The ghost of Elystan the Phalangite, a legendary FoFi of Pakellas (Zig:9)
  6 juggernauts
  Sojobo (Crypt:1)
  18 greater mummies
  the Lernaean hydra (Swamp:4)
  Frederick (Depths:5)
  6 shard shrikes
  Margery (Depths:3)
  A caustic shrike (Zig:12)
  2 curse toes (Zot:3)
  Geryon (Hell)
  7 Killer Klowns
  14 bone dragons
  18 golden dragons
  5 iron giants
  Jory (Crypt:1)
  A profane servitor (Zig:19)
  A pearl dragon (Zig:3)
  8 doom hounds
  17 Tzitzimimeh
  17 Brimstone Fiends
  9 electric golems
  10 liches
  2 Hell Sentinels
  2 hellephants
  17 tentacled monstrosities
  9 Ice Fiends
  The ghost of Elystan the Severer, an adept HOFi of Beogh (Vaults:2)
  2 deep elf blademasters (Elf:3)
  Asterion (Spider:4)
  2 quicksilver dragons
  The ghost of Skwishie the Eviscerator, an adept FeMo of Ru (Depths:3)
  13 sphinxes
  6 titans
  Murray (Hell)
  25 Orb Guardians (Zot:5)
  2 deep elf master archers (Elf:3)
  22 acid blobs
  2 tentacled starspawn (Abyss:2)
  3 Executioners
  10 death cobs
  4 eldritch tentacles
  15 storm dragons
  9 tengu reavers
  19 shadow dragons
  12 ancient champions
  2 thorn hunters
  9 azure jellies
  8 draconian monks
  Kirke (Swamp:1)
  A shadow dragon (shapeshifter) (Zig:6)
  12 revenants
  Donald (Spider:1)
  Maud (Orc:2)
  An iron dragon (Vaults:5)
  13 frost giants
  11 draconian knights
  18 fire giants
  Aizul (Depths:2)
  4 emperor scorpions
  5 ghost moths
  A warmonger (Zig:7)
  Louise (D:14)
  9 orc warlords
  3 juggernaut zombies
  6 draconian scorchers
  Wiglaf (Elf:3)
  7 draconian zealots
  13 balrugs
  3 cacodemons
  19 vault wardens
  2 deep elf elementalists (Elf:3)
  4 deep elf sorcerers
  57 reapers
  7 curse skulls
  19 ghouls
  24 very ugly things
  7 draconian shifters
  3 war gargoyles
  8 draconian annihilators
  13 ironheart preservers
  4 draconian callers
  5 juggernaut skeletons
  39 stone giants
  14 black draconians
  2 blood saints
  Nessos (Lair:5)
  12 red draconians
  16 vampire knights
  18 salamander stormcallers
  11 deep elf demonologists
  4 lorocyprocas
  15 purple draconians
  6 deep elf annihilators
  An apis (Zig:3)
  18 green draconians
  Azrael (D:13)
  14 white draconians
  14 mottled draconians
  2 chaos champions
  12 yellow draconians
  15 spark wasps
  A dire elephant (Zig:12)
  9 ettins
  The ghost of Elystan the Basher, a journeyman GrMo of Pakellas (D:12)
  3 death oozes
  13 eidola
  27 mummy priests
  6 crystal guardians (Depths:4)
  3 merfolk javelineers (Zig:10)
  12 deep elf death magi
  A green death (Zig:20)
  A kraken zombie (Coc:1)
  6 jiangshi
  30 vault guards
  Erolcha (D:10)
  12 blizzard demons
  17 yaktaur captains
  The ghost of BrandedWarrior the Arsonist, a journeyman HuFE of Vehumet (IceCv)
  Josephine (D:10)
  20 fire dragons
  5 hell beasts
  5 deep elf high priests
  9 quicksilver dragon zombies
  14 great orbs of eyes
  5 rakshasas
  3 quicksilver dragon skeletons
  3 entropy weavers
  25 hydras
  Harold (Lair:2)
  25 ice dragons
  An alligator snapping turtle (shapeshifter) (Zig:6)
  6 death knights
  5 spriggan air magi
  5 ghost crabs
  9 centaur warriors
  3 catoblepae
  An alligator (Swamp:1)
  A satyr (Zig:10)
  3 tengu warriors
  8 deep troll earth magi
  32 hell hogs
  7 ogre magi
  8 titan zombies
  A death yak (shapeshifter) (Vaults:5)
  5 deep troll shamans
  24 dancing weapons
  9 death yaks
  13 orc high priests
  2 naga sharpshooters (Zig:10)
  The ghost of barakagiga the Thaumaturge, a journeyman DEIE of Sif Muna (IceCv)
  21 deep elf knights
  8 large abominations
  The ghost of Xelenos the Fighter, a novice MiFi of Okawaru (D:8)
  5 iron golems
  13 sun demons
  10 soul eaters
  21 vampire magi
  Sonja (D:11)
  5 titan skeletons
  76 hell knights
  12 salamander mystics
  3 fire crabs
  Nergalle (Lair:1)
  152 skeletal warriors
  2 iron trolls
  A quicksilver dragon simulacrum (Tar:2)
  5 storm dragon zombies
  7 storm dragon skeletons
  An unseen horror (shapeshifter) (Vaults:5)
  A cherub (Zig:3)
  20 death scarabs
  2 spark wasp zombies
  29 flayed ghosts
  7 shadow wraiths
  3 anaconda zombies
  24 deep trolls
  9 swamp dragons
  An infernal demonspawn (Zig:7)
  3 unseen horrors
  2 spriggan druids
  5 golden dragon skeletons
  A swamp dragon (shapeshifter) (Vaults:5)
  A shambling mangrove (Swamp:3)
  An obsidian statue (Zig:1)
  15 shadow demons
  5 shadow dragon zombies
  15 deep elf archers
  4 giant orange brains
  14 ironbrand convokers
  13 harpies
  4 golden dragon zombies
  An anubis guard (shapeshifter) (Vaults:2)
  2 gelid demonspawn
  5 anubis guards
  3 wolf spider zombies
  9 hill giants
  21 phantasmal warriors
  5 anaconda skeletons
  4 iron dragon zombies
  6 oklob plants
  71 deep elf magi
  20 necromancers
  A harpy (shapeshifter) (Vaults:3)
  A wizard (Vaults:3)
  13 orb spiders
  3 frost giant zombies
  8 shining eyes
  7 orc sorcerers
  23 wolf spiders
  18 orc knights
  53 salamanders
  A shadow dragon skeleton (Coc:1)
  33 ugly things
  A sixfirhy (Depths:3)
  8 cyclopes
  2 manticores
  A salamander (shapeshifter) (Depths:2)
  A sphinx skeleton (Depths:4)
  7 hornets
  7 stone giant zombies
  11 fire giant zombies
  A hell hog skeleton (Crypt:1)
  An elephant (shapeshifter) (Vaults:1)
  14 griffons
  34 moths of wrath
  The ghost of Elystan the Ruffian, a novice GrMo (D:6)
  24 elephants
  9 dire elephant zombies
  4 stone giant skeletons
  5 iron dragon skeletons
  4 spriggan zombies
  3 fire giant skeletons
  A shock serpent zombie (Abyss:2)
  5 smoke demons
  7 black mambas
  2 molten gargoyles
  2 ice statues (IceCv)
  13 vault sentinels
  39 rust devils
  5 elf zombies
  3 eyes of devastation
  A water nymph (Zig:5)
  6 centaur skeletons
  20 spiny frogs
  5 frost giant skeletons
  A naga mage (Zig:1)
  A gargoyle (D:10)
  5 torpor snails
  2 spiny frogs (shapeshifter)
  70 yaktaurs
  2 storm dragon simulacra
  A yellow draconian zombie (Dis:1)
  A spriggan skeleton (Zig:16)
  An emperor scorpion zombie (Geh:4)
  2 dire elephant skeletons
  6 efreet
  An alligator snapping turtle zombie (Crypt:2)
  25 hellions
  4 anaconda simulacra
  A white draconian zombie (Tar:1)
  15 komodo dragons
  2 yaktaurs (shapeshifter)
  A hellwing (Depths:4)
  18 rime drakes
  A komodo dragon (shapeshifter) (Vaults:2)
  47 tormentors
  11 demonic crawlers
  10 trolls
  36 ice devils
  A catoblepas skeleton (Coc:1)
  2 yellow draconian skeletons (Crypt:1)
  35 freezing wraiths
  An iron troll skeleton (Crypt:1)
  4 kobold demonologists
  33 jumping spiders
  48 guardian mummies
  30 red devils
  A sea snake skeleton (Crypt:2)
  An entropy weaver zombie (Crypt:1)
  7 harpy zombies
  6 tengu conjurers
  8 hydra zombies
  4 giant leeches
  3 polar bears
  A sphinx simulacrum (Zig:15)
  A two-headed ogre (shapeshifter) (D:15)
  7 two-headed ogres
  5 boulder beetles
  An iron dragon simulacrum (Tomb:2)
  13 ushabtiu
  2 merfolk (Zig:5)
  4 alligator zombies
  A tengu simulacrum (Zig:15)
  A harpy skeleton (Geh:1)
  18 bog bodies
  8 hydra skeletons
  11 ettin zombies
  23 blink frogs
  5 fire dragon zombies
  166 slime creatures
  A raiju (shapeshifter) (D:14)
  A snapping turtle (Zig:5)
  5 raiju
  A wind drake (shapeshifter) (Vaults:1)
  5 ettin skeletons
  5 ice dragon zombies
  6 air elementals
  2 fire dragon skeletons
  A guardian serpent skeleton (Crypt:2)
  10 water elementals
  2 ice dragon skeletons
  2 black mamba zombies
  78 flying skulls
  A redback (shapeshifter) (Zig:6)
  4 spriggans
  A spriggan (shapeshifter) (Vaults:2)
  44 shadows
  47 redbacks
  50 yaks
  2 alligator skeletons (Geh:4)
  5 golden eyes (Slime:4)
  55 wraiths
  2 ynoxinuls
  24 tarantellas
  5 basilisks
  9 wyverns
  Grum (D:8)
  5 hogs
  5 fire bats
  A basilisk (shapeshifter) (Vaults:1)
  2 chaos spawn
  2 human simulacra
  44 fire elementals
  20 vampire mosquitoes
  5 mottled dragons
  A neqoxec (Abyss:2)
  A swamp worm (shapeshifter) (Depths:5)
  23 hippogriffs
  3 steam dragons (Lair:8)
  11 wargs
  7 hungry ghosts
  16 water moccasins
  A torturous demonspawn zombie (Geh:3)
  A putrid demonspawn zombie (Crypt:3)
  3 spiny frog zombies
  10 swamp worms
  96 hell hounds
  A putrid demonspawn skeleton (Geh:3)
  A giant eyeball (Depths:3)
  A giant eyeball (shapeshifter) (Depths:1)
  9 porcupines
  61 orc warriors
  13 swamp drakes
  An alligator simulacrum (Hell)
  8 black bears
  A hell hound (shapeshifter) (Vaults:5)
  An ice beast (shapeshifter) (Elf:3)
  8 wasps
  8 spiny frog skeletons
  10 ice beasts
  2 small abominations (Abyss:2)
  25 necrophages
  12 phantoms
  5 snapping turtle zombies
  4 sky beasts
  8 eyes of draining
  A manticore zombie (Crypt:2)
  A swamp dragon zombie (Tar:2)
  10 boggarts
  2 manticore skeletons
  32 ogres
  20 wolves
  19 centaurs
  5 snapping turtle skeletons
  17 crocodiles
  4 big kobolds
  2 gnoll sergeants
  7 elf skeletons
  14 giant frogs
  A wyvern zombie (D:9)
  An earth elemental (Elf:3)
  A salamander skeleton (Crypt:2)
  2 wyvern skeletons
  5 scorpions
  9 killer bees
  A troll zombie (Dis:3)
  A water moccasin skeleton (D:8)
  2 hippogriff zombies
  2 queen bee zombies
  116 wights
  5 howler monkeys
  An electric eel (Spider:1)
  4 giant frog zombies
  10 crimson imps
  A wasp zombie (Crypt:3)
  5 starcursed masses (Abyss:2)
  6 hounds
  2 human zombies
  5 quasits
  5 centaur zombies
  38 jellies
  18 orc priests
  17 orc wizards
  30 iron imps
  7 giant frog skeletons
  17 iguanas
  13 hell rats
  3 human skeletons
  9 worker ants
  2 lightning spires
  41 sheep
  A naga skeleton (Geh:2)
  2 tengu skeletons
  2 hound zombies
  2 hound skeletons
  55 mummies
  2 howler monkey zombies
  2 worker ant zombies
  20 gnolls
  64 river rats
  A steam dragon zombie (Crypt:2)
  16 adders
  16 shadow imps
  12 white imps
  11 ufetubi
  6 oozes
  2 adder zombies
  An iguana zombie (Crypt:1)
  3 adder skeletons
  6 worms
  6 dart slugs
  10 giant geckos
  78 orcs
  3 ball pythons
  2 giant cockroaches
  8 hobgoblins
  5 jackals
  4 quokkas
  15 bats
  A giant gecko skeleton (Crypt:3)
  7 giant newts
  4 goblins
  17 kobolds
  An orc simulacrum (Coc:1)
  2 quokka zombies
  15 rats
  A rat skeleton (Crypt:1)
  6 briar patches (Swamp:2)
  7 crawling corpses
  7 fire vortices
  26 fungi
  A lost soul (Crypt:3)
  25 plants
  3 starspawn tentacles (Abyss:2)
  3 tentacles (Coc:1)
4858 creatures vanquished.

Vanquished Creatures (collateral kills)
  the Royal Jelly (Slime:6)
  Arachne (Spider:2)
  Jorgrun (Swamp:2)
  2 liches
  3 acid blobs (Slime:6)
  Frances (Spider:1)
  An azure jelly (Slime:6)
  A shadow dragon (Vaults:5)
  A deep elf sorcerer (Zig:11)
  A vault warden (Vaults:5)
  A ghost moth (Spider:4)
  A balrug (Zig:18)
  An emperor scorpion (Spider:4)
  A stone giant (Vaults:5)
  An ironheart preserver (Vaults:4)
  2 mottled draconians (Zig:17)
  A yellow draconian (Zig:17)
  A deep elf death mage (Vaults:4)
  Snorg (Orc:1)
  2 death oozes (Slime:6)
  An ice dragon (Depths:2)
  A hydra (Zig:12)
  A centaur warrior (Zig:10)
  An orc high priest (Zig:11)
  2 death yaks (Lair:7)
  2 hell knights
  A golden dragon skeleton (Zig:9)
  2 orb spiders (Spider:4)
  A wolf spider (Spider:4)
  A moth of wrath (Spider:4)
  A troll (D:11)
  4 jumping spiders (Spider:4)
  A red devil (Zig:18)
  A two-headed ogre (Depths:2)
  A flying skull (Zig:18)
  2 elf skeletons (Zig:18)
  A wraith (Zig:18)
  2 tarantellas (Spider:4)
  5 redbacks
  A shadow (Zig:18)
  A water elemental (Zig:11)
  2 hippogriffs (Zig:12)
  A hell hound (Zig:18)
  An orc warrior (Orc:2)
  An ogre (Depths:2)
  A giant frog (Lair:6)
  A gnoll sergeant (D:11)
  An orc (Orc:1)
66 creatures vanquished.

Vanquished Creatures (others)
  A lich (Depths:2)
  An eldritch tentacle (Tar:2)
  An ancient champion (Tomb:2)
  A draconian monk (Zot:5)
  A draconian zealot (Zot:5)
  An ironheart preserver (Vaults:2)
  A blood saint (Zig:7)
  A salamander stormcaller (Geh:1)
  A red draconian (Zot:2)
  3 deep elf death magi (Zig:19)
  A yaktaur captain (Zig:10)
  2 centaur warriors
  4 hell hogs
  37 death scarabs (Tomb:2)
  A necromancer (Geh:4)
  3 orb spiders (Spider:4)
  A salamander (Geh:3)
  2 cyclopes (Vaults:1)
  3 moths of wrath (Zot:5)
  5 yaktaurs
  A rime drake (Zig:15)
  A large abomination (Zig:7)
  A neqoxec (Zig:7)
  An ice beast (Zig:15)
  4 wights
  A human skeleton (Geh:4)
  A mummy (Tomb:2)
  3 white imps (IceCv)
  An orc (Vaults:2)
  106 eldritch tentacle segments
  18 fungi
  6 lost souls
  22 plants
  3 starspawn tentacles (Abyss:2)
  6 starspawn tentacle segments (Abyss:2)
  5 tentacles (Coc:1)
  84 tentacle segments (Coc:1)
335 creatures vanquished.

Grand Total: 5259 creatures vanquished

Notes
Turn   | Place    | Note
--------------------------------------------------------------
     0 | D:1      | Joat the Demonspawn Fighter began the quest for the Orb.
     0 | D:1      | Reached XP level 1. HP: 18/18 MP: 1/1
   232 | D:1      | Gained mutation: You have sharp toenails. [demonic ancestry]
   232 | D:1      | Reached XP level 2. HP: 21/24 MP: 2/2
   667 | D:1      | Reached XP level 3. HP: 29/29 MP: 3/3
  1134 | D:2      | Found a glowing golden altar of the Shining One.
  1815 | D:2      | Reached XP level 4. HP: 37/37 MP: 4/4
  1928 | D:2      | Found a sparkling altar of Nemelex Xobeh.
  1929 | D:2      | Found an ancient bone altar of Kikubaaqudgha.
  2623 | D:3      | Found a shattered altar of Ashenzari.
  2674 | D:3      | Gained mutation: You are partially covered in slimy green scales (AC +2). [demonic ancestry]
  2674 | D:3      | Reached XP level 5. HP: 21/43 MP: 5/5
  3703 | D:4      | Reached XP level 6. HP: 27/49 MP: 6/6
  4506 | D:4      | Reached skill level 5 in Axes
  4699 | D:4      | Gained mutation: You are mostly covered in slimy green scales (AC +3). [demonic ancestry]
  4699 | D:4      | Reached XP level 7. HP: 48/55 MP: 7/7
  4789 | D:5      | Entered Level 5 of the Dungeon
  5262 | D:5      | Found a snail-covered altar of Cheibriados.
  5498 | D:6      | Found Ysipeh's Book Shoppe.
  5669 | D:6      | Found Doipn's Antique Weapon Shoppe.
  5677 | D:6      | Bought an ancient flail for 195 gold pieces
  5677 | D:6      | Identified the +4 flail of Analysis {elec, rF- rC+ Str+3} (You bought it in a shop on level 6 of the Dungeon)
  5799 | D:6      | Found Sebbiex's Weapon Shoppe.
  5807 | D:6      | Found a staircase to the Ecumenical Temple.
  5816 | Temple   | Entered the Ecumenical Temple
  5833 | Temple   | Became a worshipper of Makhleb the Destroyer
  5882 | D:6      | Found Vuof's Food Shoppe.
  5892 | D:6      | Reached skill level 5 in Fighting
  6323 | D:6      | Reached XP level 8. HP: 45/62 MP: 8/8
  6510 | D:6      | Reached skill level 1 in Dodging
  7041 | D:7      | Gained mutation: You possess an exceptional clarity of mind. [potion of beneficial mutation]
  7586 | D:7      | Reached skill level 5 in Armour
  7676 | D:7      | Found an opulent altar of Gozag.
  7941 | D:7      | Reached * piety under Makhleb
  8098 | D:7      | Gained mutation: You sometimes gain a little power by taking damage. [demonic ancestry]
  8098 | D:7      | Reached XP level 9. HP: 47/69 MP: 9/9
  8421 | D:8      | Noticed Xelenos's ghost (novice MiFi)
  8430 | D:8      | Killed Xelenos's ghost
  8798 | D:8      | Noticed Grum
  8816 | D:8      | Killed Grum
  9201 | D:8      | Found a blossoming altar of Fedhas.
  9209 | D:8      | Reached ** piety under Makhleb
  9916 | D:9      | Reached XP level 10. HP: 71/79 MP: 10/10
  9942 | D:9      | Found a white marble altar of Elyvilon.
 10022 | D:10     | Entered Level 10 of the Dungeon
 10457 | D:10     | Found Ruguugif's Antique Weapon Emporium.
 10483 | D:10     | Noticed a hill giant
 10531 | D:10     | Killed a hill giant
 10531 | D:10     | Reached skill level 10 in Axes
 10578 | D:10     | Identified a -2 rod of inaccuracy (5/11) (You took it off a big kobold on level 10 of the Dungeon)
 10615 | D:10     | Noticed a gargoyle
 10648 | D:11     | Noticed Erolcha
 10648 | D:11     | Noticed Josephine
 10675 | D:10     | Killed a gargoyle
 11092 | D:9      | Reached *** piety under Makhleb
 12268 | D:10     | Killed Erolcha
 12268 | D:10     | Gained mutation: You have razor-sharp toenails. [demonic ancestry]
 12268 | D:10     | Reached XP level 11. HP: 70/87 MP: 11/11
 12516 | D:10     | Killed Josephine
 12926 | D:11     | Paralysed by fainting for 6 turns
 12994 | D:11     | Reached **** piety under Makhleb
 13069 | D:11     | Noticed a hill giant
 13076 | D:11     | Killed a hill giant
 13208 | D:11     | Found a staircase to the Lair.
 13220 | Lair:1   | Entered Level 1 of the Lair of Beasts
 13408 | Lair:1   | Reached ***** piety under Makhleb
 13429 | Lair:1   | Reached skill level 10 in Fighting
 13799 | Lair:1   | Gained mutation: Your flesh is cold resistant. [demonic ancestry]
 13799 | Lair:1   | Reached XP level 12. HP: 93/97 MP: 12/12
 14473 | Lair:1   | Noticed Nergalle
 14488 | Lair:1   | Killed Nergalle
 15247 | Lair:2   | Noticed Harold
 15257 | Lair:2   | Killed Harold
 15891 | Lair:3   | Reached ****** piety under Makhleb
 16066 | Lair:3   | Noticed a catoblepas
 16078 | Lair:3   | Killed a catoblepas
 16218 | Lair:3   | Got a brightly glowing whip
 16219 | Lair:3   | Identified the +6 whip of Pride {freeze, rPois rN+ Int-5} (You found it on level 3 of the Lair of Beasts)
 16234 | Lair:3   | Noticed a four-headed hydra
 16246 | Lair:3   | Killed a four-headed hydra
 16246 | Lair:3   | Reached skill level 1 in Maces & Flails
 17358 | Lair:4   | Reached skill level 10 in Armour
 17422 | Lair:4   | Reached XP level 13. HP: 105/105 MP: 13/13
 17780 | Lair:4   | Reached skill level 5 in Invocations
 18846 | Lair:5   | Noticed Nessos
 19206 | Lair:6   | Reached skill level 10 in Invocations
 19339 | Lair:6   | Found a hole to the Spider Nest.
 20502 | Lair:7   | Found a staircase to the Slime Pits.
 20702 | Lair:8   | Entered Level 8 of the Lair of Beasts
 20724 | Lair:8   | Gained mutation: You are completely covered in slimy green scales (AC +4, rPois). [demonic ancestry]
 20724 | Lair:8   | Reached XP level 14. HP: 113/113 MP: 19/23
 21896 | Lair:7   | Reached skill level 15 in Invocations
 22088 | Lair:5   | Killed Nessos
 22458 | Lair:5   | Found a staircase to the Swamp.
 23293 | D:11     | Noticed Sonja
 23298 | D:11     | Killed Sonja
 23786 | D:12     | Noticed Elystan's ghost (journeyman GrMo)
 23812 | D:12     | Killed Elystan's ghost
 24079 | D:12     | Gained mutation: Your magical and physical power is slightly enhanced at high health. [demonic ancestry]
 24079 | D:12     | Reached XP level 15. HP: 103/118 MP: 18/28
 24408 | D:12     | Found a staircase to the Orcish Mines.
 24852 | Orc:1    | Entered Level 1 of the Orcish Mines
 24915 | Orc:1    | Noticed Snorg
 24924 | Orc:1    | Killed Snorg
 25238 | Orc:2    | Entered Level 2 of the Orcish Mines
 25245 | Orc:2    | Found Mobboenn's Antique Armour Emporium.
 25307 | Orc:2    | Noticed Maud
 25320 | Orc:2    | Killed Maud
 25338 | Orc:2    | Found Omeph's General Store.
 25376 | Orc:2    | Noticed an orc warlord
 25887 | Orc:2    | Killed an orc warlord
 25916 | Orc:2    | Found a staircase to the Elven Halls.
 25918 | Orc:2    | Found Haromov's Jewellery Boutique.
 26086 | Orc:2    | Found a roughly hewn altar of Beogh.
 26263 | Orc:2    | Found Josseq's Antique Weapon Shoppe.
 26650 | Orc:2    | Bought a slimy hand axe for 168 gold pieces
 26650 | Orc:2    | Identified the +8 hand axe of Joyss {flame, rF++ MR-} (You bought it in a shop on level 2 of the Orcish Mines)
 26689 | Orc:2    | Bought a faintly glowing ring mail for 225 gold pieces
 26699 | Orc:2    | Identified the +2 ring mail of Instinct {-Cast +Inv Dex+3} (You bought it in a shop on level 2 of the Orcish Mines)
 26752 | Orc:2    | Bought the ring of Zihih {rElec rPois rN++ Str+2 Dex+3} for 637 gold pieces
 26785 | Orc:1    | Found a roughly hewn altar of Beogh.
 27040 | D:13     | Found a huge runed gate.
 27041 | D:13     | Found a huge runed gate.
 27042 | D:13     | Found a huge runed gate.
 27043 | D:13     | Found a huge runed gate.
 27098 | D:13     | Reached skill level 5 in Shields
 27216 | D:13     | Got a coiled lapis lazuli ring
 27218 | D:13     | Identified the ring "Pogo" {MR- Dex+5 Slay+5 SInv} (You found it on level 13 of the Dungeon)
 27360 | D:13     | Noticed Azrael
 27376 | D:13     | Killed Azrael
 27517 | D:13     | Found a gate to the Vaults.
 28091 | D:14     | Gained mutation: You are resistant to hostile enchantments. [potion of beneficial mutation]
 28092 | D:14     | Gained mutation: You have a pair of small antennae on your head. [potion of beneficial mutation]
 28133 | D:14     | Found an iron altar of Okawaru.
 28422 | D:14     | Noticed Louise
 28433 | D:15     | Entered Level 15 of the Dungeon
 29064 | D:15     | Noticed a frost giant
 29121 | D:15     | Found a staircase to the Depths.
 29721 | Spider:1 | Entered Level 1 of the Spider Nest
 29763 | Spider:1 | Reached XP level 16. HP: 122/126 MP: 24/29
 29858 | Spider:1 | Noticed Frances
 29867 | Spider:1 | Reached skill level 10 in Shields
 29871 | Spider:1 | Killed Frances
 30057 | Spider:1 | Noticed Donald
 30075 | Spider:1 | Killed Donald
 30271 | Spider:2 | Noticed Arachne
 30283 | Spider:2 | Killed Arachne
 30450 | Spider:2 | Got an obsidian-encrusted scale mail
 30461 | Spider:2 | Identified the cursed +1 scale mail "Waorr" {rF- rC+ rN+} (You found it on level 2 of the Spider Nest)
 30794 | Spider:2 | Got a heavily runed bronze ring
 30796 | Spider:2 | Identified the ring of Porr {Ice Fragile Str+4 Dex+3} (You found it on level 2 of the Spider Nest)
 30825 | Spider:2 | Got a scorched lapis lazuli ring
 30827 | Spider:2 | Identified the ring of Diask {Wiz rPois} (You found it on level 2 of the Spider Nest)
 31967 | Spider:4 | Entered Level 4 of the Spider Nest
 32376 | Spider:4 | Noticed Asterion
 32396 | Spider:4 | Killed Asterion
 32753 | Spider:4 | Gained mutation: You are immune to freezing clouds. [demonic ancestry]
 32753 | Spider:4 | Reached XP level 17. HP: 135/135 MP: 24/30
 33199 | Spider:4 | Got a gossamer rune of Zot
 33494 | Swamp:1  | Entered Level 1 of the Swamp
 33560 | Swamp:1  | Noticed Kirke
 33585 | Swamp:1  | Killed Kirke
 34484 | Swamp:2  | Noticed Jorgrun
 34514 | Swamp:2  | Killed Jorgrun
 35210 | Swamp:4  | Entered Level 4 of the Swamp
 35233 | Swamp:4  | Got a heavily runed glass ring
 35235 | Swamp:4  | Identified the cursed ring "Ulievvun" {rElec rN++ Str-3 Dex-5} (You found it on level 4 of the Swamp)
 35864 | Swamp:4  | Noticed the 27-headed Lernaean hydra
 35876 | Swamp:4  | Killed the 25-headed Lernaean hydra
 35893 | Swamp:4  | Got a decaying rune of Zot
 36352 | Vaults:1 | Entered Level 1 of the Vaults
 36428 | Vaults:1 | Reached XP level 18. HP: 145/145 MP: 32/32
 36616 | Vaults:1 | Reached skill level 5 in Dodging
 36966 | Vaults:1 | Got a slimy ring mail
 36977 | Vaults:1 | Identified the +4 ring mail of Daisies {rN++ MR-} (You found it on level 1 of the Vaults)
 37154 | Vaults:1 | Got a pair of slimy boots
 37155 | Vaults:1 | Identified the +2 pair of boots of the Devil {Str-2 Dex+2 Slay+3 Stlth+} (You found it on level 1 of the Vaults)
 37558 | Vaults:1 | Reached skill level 1 in Stealth
 37955 | Vaults:2 | Noticed Elystan's ghost (adept HOFi)
 38002 | Vaults:2 | Killed Elystan's ghost
 38002 | Vaults:2 | Reached skill level 5 in Stealth
 39666 | Vaults:2 | Reached XP level 19. HP: 152/152 MP: 33/33
 40193 | Vaults:3 | Found Siubb's Food Shoppe.
 40415 | Vaults:3 | Found a staircase to the Crypt.
 40484 | Vaults:3 | Reached skill level 15 in Shields
 40751 | Vaults:3 | Got a pair of bloodstained gloves
 40762 | Vaults:3 | Identified the +2 pair of gloves of the Sky {Str+4} (You found it on level 3 of the Vaults)
 41076 | Vaults:3 | Found a portal to a secret trove of treasure.
 41473 | D:6      | Bought a book of Annihilations for 1435 gold pieces
 41702 | D:6      | Found Xuadiq's Book Boutique.
 41817 | D:6      | Noticed Elystan's ghost (novice GrMo)
 41828 | D:6      | Killed Elystan's ghost
 42953 | Vaults:3 | You paid a toll of a book of Annihilations to enter a treasure trove
 42954 | Trove    | Entered a treasure trove
 42971 | Trove    | Got a pitted emerald amulet
 42981 | Trove    | Got a faintly glowing copper ring
 43024 | Vaults:3 | Identified the amulet of Jaidink {Dismiss rPois Str+3 SInv} (You found it in a treasure trove)
 43025 | Vaults:3 | Identified the ring of Dixtuilo {rPois rN++ Str+3 Int+3} (You found it in a treasure trove)
 43108 | Vaults:4 | Identified a scroll of acquirement
 44513 | D:13     | Learned a level 2 spell: Swiftness
 44950 | D:14     | Killed Louise
 44950 | D:14     | Gained mutation: Your magical and physical power is enhanced at high health. [demonic ancestry]
 44950 | D:14     | Reached XP level 20. HP: 160/160 MP: 34/34
 45187 | D:15     | Reached skill level 1 in Charms
 45319 | Depths:1 | Entered Level 1 of the Depths
 45332 | Depths:1 | Reached skill level 1 in Air Magic
 45332 | Depths:1 | Reached skill level 1 in Spellcasting
 45363 | Depths:1 | Found Ceniyta's Weapon Shop.
 45570 | Depths:1 | Found Ateulad's Food Shop.
 45719 | Depths:1 | Found Ahadotz's Assorted Antiques.
 45730 | Depths:1 | Bought a scroll of teleportation for 126 gold pieces
 45730 | Depths:1 | Bought a runed cloak for 189 gold pieces
 45740 | Depths:1 | Bought a glowing cloak for 189 gold pieces
 45831 | Depths:1 | Found Egahel's Antique Weapon Boutique.
 46228 | Depths:1 | Found a gateway to Hell.
 46350 | Depths:2 | Found a radiant altar of Vehumet.
 46365 | Depths:2 | Reached skill level 15 in Axes
 46430 | Depths:2 | Found a one-way gate to the infinite horrors of the Abyss.
 46505 | Depths:2 | Noticed Mara
 46518 | Depths:2 | Noticed Joat's illusion
 46874 | Depths:2 | Noticed Joat's illusion
 47222 | Depths:2 | Noticed Joat's illusion
 47234 | Depths:2 | Killed Mara
 47366 | Depths:2 | Found a radiant altar of Vehumet.
 47446 | Depths:2 | Noticed an iron giant
 47481 | Depths:2 | Noticed a golden dragon
 47502 | Depths:2 | Killed a golden dragon
 48346 | Depths:2 | Noticed Aizul
 48359 | Depths:2 | Killed Aizul
 48548 | Depths:3 | Paralysed by a giant eyeball for 2 turns
 48657 | Depths:3 | Noticed Margery
 48670 | Depths:3 | Reached XP level 21. HP: 167/167 MP: 35/35
 48687 | Depths:3 | Killed Margery
 48834 | Depths:3 | unfkinbearable lag
 49619 | Depths:3 | Found a one-way gate leading to the halls of Pandemonium.
 49737 | Depths:3 | Found a gateway to a ziggurat.
 49739 | Depths:3 | Noticed Skwishie's ghost (adept FeMo)
 49760 | Depths:3 | Killed Skwishie's ghost
 49880 | Depths:3 | Cast into level 2 of the Abyss (salamander mystic)
 49943 | Abyss:2  | Found a deep blue altar of Sif Muna.
 49992 | Abyss:2  | Gained mutation: Your muscles are strong. (Str +2) [potion of beneficial mutation]
 50064 | Abyss:2  | Got a pitted pewter amulet
 50068 | Abyss:2  | Identified the Grimoire of Intoxication and Calling (You found it on level 2 of the Abyss)
 50075 | Abyss:2  | Identified a +3 rod of shadows (10/10) (You found it on level 2 of the Abyss)
 50142 | Abyss:2  | Found a corrupted altar of Lugonu.
 50166 | Abyss:2  | Paralysed by accursed screaming for 2 turns
 50212 | Depths:3 | Escaped the Abyss
 50497 | Depths:4 | Noticed a golden dragon
 50515 | Depths:4 | Killed a golden dragon
 50601 | Depths:4 | Identified the amulet "Foso" {Dismiss rElec rPois rC- Dex+5} (You found it on level 2 of the Abyss)
 50755 | Depths:4 | Gained mutation: You have claws for feet. [demonic ancestry]
 50755 | Depths:4 | Reached XP level 22. HP: 174/174 MP: 36/36
 51420 | Depths:5 | Entered Level 5 of the Depths
 51431 | Depths:5 | Reached skill level 15 in Fighting
 51637 | Depths:5 | Noticed Frederick
 51651 | Depths:5 | Killed Frederick
 52026 | Depths:5 | Found a gate to the Realm of Zot.
 52194 | Depths:5 | Noticed a golden dragon
 52210 | Depths:5 | Killed a golden dragon
 52608 | Orc:2    | Bought the ring "Nuuprosm" {MR+ Dex+5} for 807 gold pieces
 52623 | Elf:1    | Entered Level 1 of the Elven Halls
 53657 | Elf:2    | Found Byon's General Store.
 53830 | Elf:2    | Found Fotize's Food Boutique.
 53935 | Elf:2    | Found a runed gate.
 53935 | Elf:2    | Found a runed gate.
 53936 | Elf:2    | Found a runed gate.
 54505 | Elf:3    | Entered Level 3 of the Elven Halls
 54565 | Elf:3    | Gained mutation: Your magical and physical power is greatly enhanced at high health. [demonic ancestry]
 54565 | Elf:3    | Reached XP level 23. HP: 191/191 MP: 37/37
 54570 | Elf:3    | Found Amanil's Food Emporium.
 54616 | Elf:3    | Found a frozen archway.
 54629 | IceCv    | Entered an ice cave
 54629 | IceCv    | Noticed BrandedWarrior's ghost (journeyman HuFE)
 54633 | IceCv    | Killed BrandedWarrior's ghost
 54732 | IceCv    | Noticed barakagiga's ghost (journeyman DEIE)
 54741 | IceCv    | Killed barakagiga's ghost
 55211 | Elf:3    | Got a scorched lead amulet
 55282 | Elf:3    | Got a ring of the Octopus King
 55346 | Elf:3    | Got a pair of twisted gloves
 55404 | Elf:3    | Identified the cursed +0 pair of gloves "Piuluori" {rElec rF+ SInv} (You found it on level 3 of the Elven Halls)
 55432 | Elf:3    | Identified Mooruuj's Tome of the Eight Seas (You found it on level 3 of the Elven Halls)
 55445 | Elf:3    | Identified Milinn's Catalogue of Feathery Sinister Secrets (You found it on level 3 of the Elven Halls)
 55452 | Elf:3    | Got an encrusted steam dragon armour
 55463 | Elf:3    | Identified the +5 steam dragon armour of the Slorg {rF+++ MP-9 Str-4 SInv} (You found it on level 3 of the Elven Halls)
 55483 | Elf:3    | Identified the amulet of the Tarantula {RegenMP rC+ Str+2 Stlth-} (You found it on level 3 of the Elven Halls)
 55484 | Elf:3    | Identified a ring of the Octopus King {MP+9 AC+1 EV+1 Str+1 Int+1 Dex+1} (You found it on level 3 of the Elven Halls)
 55494 | Elf:3    | Identified the Collected Works on the Blaze and Conjuration (You found it on level 3 of the Elven Halls)
 55582 | Elf:3    | Got a twisted halberd {freeze}
 55584 | Elf:3    | Identified the +2 halberd "Toesemp" {freeze, +Blink} (You took it off a deep elf demonologist on level 3 of the Elven Halls)
 55623 | Elf:3    | Got a warped flail
 55624 | Elf:3    | Identified the +1 flail of Saipizoido {crush, +Fly rF- Str+3 Dex+4} (You found it on level 3 of the Elven Halls)
 55772 | Elf:3    | Found an ancient bone altar of Kikubaaqudgha.
 55804 | Elf:3    | Noticed Wiglaf
 55817 | Elf:3    | Killed Wiglaf
 56064 | Elf:3    | Learned a level 2 spell: Song of Slaying
 56413 | Vaults:5 | Entered Level 5 of the Vaults
 56590 | Vaults:5 | Reached skill level 5 in Charms
 56632 | Vaults:5 | Got a brightly glowing leather armour
 56633 | Vaults:5 | Identified the +1 leather armour of Atetikh {-Cast rCorr Str+3} (You found it on level 5 of the Vaults)
 56651 | Vaults:5 | Noticed Mennas
 56663 | Vaults:5 | Killed Mennas
 56700 | Vaults:5 | Got a bloodstained battleaxe {flame}
 56708 | Vaults:5 | Identified the cursed +0 battleaxe of the Orcish Mines {flame, Dex+2} (You took it off a vault sentinel on level 5 of the Vaults)
 56790 | Vaults:5 | Gained mutation: A meltable icy envelope protects you from harm (AC +0). [demonic ancestry]
 56790 | Vaults:5 | Reached XP level 24. HP: 208/208 MP: 28/37
 56864 | Vaults:5 | Got a silver rune of Zot
 56959 | Vaults:5 | Got a polished long sword {slice}
 56962 | Vaults:5 | Identified the cursed +1 long sword of Skirmishing {slice, Str+6} (You took it off a deep elf high priest on level 5 of the Vaults)
 57096 | Vaults:5 | Got an ancient lapis lazuli ring
 57098 | Vaults:5 | Identified the ring "Namylau" {Ice -Tele MP+9 Str-2 Int+10} (You took it off a salamander stormcaller on level 5 of the Vaults)
 57242 | Vaults:5 | Got a smoking bronze amulet
 57242 | Vaults:5 | Got a transparent marble ring
 57276 | Vaults:5 | Got a transparent silver ring
 57277 | Vaults:5 | Identified the amulet "Atam" {RegenMP Int+3} (You took it off a deep elf demonologist on level 5 of the Vaults)
 57286 | Vaults:5 | Identified the ring of Sif Muna's Outrage {MP-9 Int+6 Stlth+} (You took it off a deep elf death mage on level 5 of the Vaults)
 57290 | Vaults:5 | Identified the ring "Biutaj" {+Fly rF+ rN+ Str+2 Int+2} (You took it off a yaktaur on level 5 of the Vaults)
 57408 | Vaults:5 | Identified the Grimoire of Execration
 57426 | Vaults:5 | Identified the Catalogue of Damaging Heat
 58334 | Crypt:1  | Entered Level 1 of the Crypt
 58471 | Crypt:1  | Noticed Jory
 58482 | Crypt:1  | Killed Jory
 58497 | Crypt:1  | Noticed Sojobo
 58512 | Crypt:1  | Killed Sojobo
 58518 | Crypt:1  | Killed the ghostly Sojobo
 58687 | Crypt:1  | Gained mutation: You sometimes gain power by taking damage. [demonic ancestry]
 58687 | Crypt:1  | Reached XP level 25. HP: 219/219 MP: 28/37
 59092 | Crypt:1  | Found an ancient bone altar of Kikubaaqudgha.
 59645 | Crypt:2  | Found an ancient bone altar of Kikubaaqudgha.
 60054 | Crypt:2  | Reached skill level 10 in Dodging
 60373 | Crypt:2  | Found a basalt altar of Yredelemnul.
 60638 | Crypt:2  | Reached skill level 15 in Armour
 60787 | Crypt:3  | Entered Level 3 of the Crypt
 61153 | Crypt:3  | Found a basalt altar of Yredelemnul.
 61335 | Crypt:3  | Noticed a greater mummy
 61348 | Crypt:3  | Killed a greater mummy
 61392 | Crypt:3  | Got a pitted wooden ring
 61395 | Crypt:3  | Identified the ring of Muoqaly {rC+++ rN+ MR+ Str-5 Dex+2} (You found it on level 3 of the Crypt)
 61398 | Crypt:3  | Got a sparkling bronze ring
 61400 | Crypt:3  | Identified the ring "Taituig" {+Inv +Fly rN+ Dex+3 Slay-4} (You found it on level 3 of the Crypt)
 61435 | Crypt:3  | Got a coiled golden ring
 61437 | Crypt:3  | Identified the ring of Giew {+Blink rC- rN+ Int+5 Stlth-} (You found it on level 3 of the Crypt)
 61659 | Crypt:3  | Found a staircase to the Tomb.
 61792 | Crypt:3  | Noticed a greater mummy
 61800 | Crypt:3  | Noticed Khufu
 61806 | Crypt:3  | Killed a greater mummy
 61810 | Crypt:3  | Noticed a greater mummy
 61822 | Crypt:3  | Killed Khufu
 61831 | Crypt:3  | Killed a greater mummy
 61831 | Crypt:3  | Reached XP level 26. HP: 72/228 MP: 28/37
 62798 | D:6      | Bought a book of Enchantments for 550 gold pieces
 62805 | D:6      | Learned a level 6 spell: Haste
 63595 | Hell     | Entered the Vestibule of Hell
 63599 | Hell     | Noticed Geryon
 63724 | Hell     | Killed Geryon
 63726 | Hell     | Noticed Murray
 63741 | Hell     | Killed Murray
 63863 | Hell     | Found a gateway to the ashen valley of Gehenna.
 63935 | Hell     | Found a gateway to the decaying netherworld of Tartarus.
 64094 | Hell     | Found a gateway to the Iron City of Dis.
 64202 | Hell     | Found a gateway to the freezing wastes of Cocytus.
 64255 | Dis:1    | Entered Level 1 of the Iron City of Dis
 66239 | Dis:3    | Gained mutation: You are powered by pain. [demonic ancestry]
 66239 | Dis:3    | Reached XP level 27. HP: 237/237 MP: 28/37
 68364 | Dis:5    | laglaglag
 68605 | Dis:5    | Reached skill level 1 in Evocations
 68944 | Dis:6    | Reached skill level 5 in Evocations
 68985 | Dis:6    | Reached skill level 5 in Spellcasting
 69353 | Dis:6    | Reached skill level 10 in Charms
 69804 | Geh:1    | Entered Level 1 of Gehenna
 72183 | Geh:3    | Reached skill level 10 in Evocations
 72889 | Geh:4    | Reached skill level 10 in Spellcasting
 73209 | Geh:4    | Learned a level 3 spell: Regeneration
 73346 | Geh:4    | You fall through a shaft for 2 floors!
 73400 | Geh:6    | Reached skill level 15 in Charms
 73547 | Tar:1    | Entered Level 1 of Tartarus
 73596 | Tar:1    | Reached skill level 1 in Necromancy
 73920 | Tar:1    | Found a huge runed gate.
 73920 | Tar:1    | Found a huge runed gate.
 73920 | Tar:1    | Found a huge runed gate.
 73920 | Tar:1    | Found a huge runed gate.
 73920 | Tar:1    | Found a huge runed gate.
 73920 | Tar:1    | Found a huge runed gate.
 73920 | Tar:1    | Found a huge runed gate.
 73921 | Tar:1    | Found a huge runed gate.
 73924 | Tar:1    | Found a huge runed gate.
 73926 | Tar:1    | Found a huge runed gate.
 73926 | Tar:1    | Found a huge runed gate.
 73926 | Tar:1    | Found a huge runed gate.
 73926 | Tar:1    | Found a huge runed gate.
 73962 | Tar:1    | Noticed an ancient lich
 73980 | Tar:1    | Killed an ancient lich
 74752 | Tar:2    | Reached skill level 5 in Necromancy
 77474 | D:6      | Bought a book of Minor Magic for 220 gold pieces
 77477 | D:6      | Learned a level 2 spell: Repel Missiles
 77480 | D:6      | Learned a level 2 spell: Blink
 77782 | Coc:1    | Entered Level 1 of Cocytus
 78337 | Coc:1    | Reached skill level 1 in Translocations
 79110 | Orc:2    | Bought the ring of the Hare {rCorr rPois Str+4} for 594 gold pieces
 79325 | Slime:1  | Entered Level 1 of the Pits of Slime
 80343 | Slime:4  | Gained mutation: You regenerate slowly when monsters are visible. [a shining eye]
 81155 | Slime:5  | Gained mutation: You are dopey. (Int -2) [a shining eye]
 81156 | Slime:5  | Lost mutation: Your muscles are strong. (Str +2) [a shining eye]
 81200 | Slime:5  | Gained mutation: You are weak. (Str -2) [a shining eye]
 81202 | Slime:5  | Gained mutation: You expend magic power (3 MP) to strengthen your wands. [a shining eye]
 81203 | Slime:5  | Gained mutation: Your magical capacity is low (-10% MP). [a shining eye]
 81205 | Slime:5  | Gained mutation: You are very weak. (Str -4) [a shining eye]
 81206 | Slime:5  | Gained mutation: You do not regenerate naturally when monsters are visible. [a shining eye]
 81560 | Slime:6  | Entered Level 6 of the Pits of Slime
 81626 | Slime:6  | Found a viscous altar of Jiyva.
 81626 | Slime:6  | Noticed the Royal Jelly
 81637 | Slime:6  | Gained mutation: You do not regenerate naturally. [a shining eye]
 81639 | Slime:6  | Gained mutation: You are frail (-10% HP). [a shining eye]
 81640 | Slime:6  | Gained mutation: Your body sometimes deteriorates upon taking damage. [a shining eye]
 81651 | Slime:6  | Killed the Royal Jelly
 82077 | Slime:6  | Learned a level 1 spell: Summon Butterflies
 82105 | Slime:6  | Got a warped war axe
 82123 | Slime:6  | Got a slimy rune of Zot
 82144 | Slime:6  | Identified the +10 war axe of Zijiu {chop, +Blink rPois Dex+4} (You found it on level 6 of the Pits of Slime)
 82149 | Slime:6  | Got a smoking trident
 82150 | Slime:6  | Identified the +6 trident of Severance {pierce, Fragile Int+7 Dex+4} (You found it on level 6 of the Pits of Slime)
 82154 | Slime:6  | Identified Dewoos's Papyrus of Flying Changing (You found it on level 6 of the Pits of Slime)
 82188 | Slime:6  | Got a brightly glowing war axe
 82189 | Slime:6  | Identified the +8 war axe "Qigusuza" {holy, *Rage +Inv rPois rC+} (You found it on level 6 of the Pits of Slime)
 82213 | Slime:6  | Got a smoking marble ring
 82215 | Slime:6  | Identified the ring of Uzitaxt {rN+ Str+4} (You found it on level 6 of the Pits of Slime)
 82239 | Slime:6  | Identified the Disquisition on Arcane Weapons and Transmutation
 83008 | Zot:1    | Entered Level 1 of the Realm of Zot
 83092 | Depths:4 | Lost mutation: You possess an exceptional clarity of mind. [potion of mutation]
 83170 | Depths:2 | Lost mutation: You expend magic power (3 MP) to strengthen your wands. [potion of mutation]
 83221 | Depths:1 | Lost mutation: You are dopey. (Int -2) [potion of mutation]
 83221 | Depths:1 | Gained mutation: You are highly resistant to hostile enchantments. [potion of mutation]
 83221 | Depths:1 | Lost mutation: Your magical capacity is low (-10% MP). [potion of mutation]
 83353 | D:13     | Gained mutation: You occasionally shout uncontrollably at your foes. [potion of mutation]
 83353 | D:13     | Lost mutation: You are very weak. (Str -4) [potion of mutation]
 83354 | D:13     | Gained mutation: Your body often deteriorates upon taking damage. [potion of mutation]
 83354 | D:13     | Gained mutation: You have sharp fingernails. [potion of mutation]
 83499 | Vaults:3 | Lost mutation: You are weak. (Str -2) [potion of cure mutation]
 83499 | Vaults:3 | Lost mutation: You are frail (-10% HP). [potion of cure mutation]
 83499 | Vaults:3 | Lost mutation: You have sharp fingernails. [potion of cure mutation]
 83499 | Vaults:3 | Lost mutation: Your body often deteriorates upon taking damage. [potion of cure mutation]
 83499 | Vaults:3 | Lost mutation: Your body sometimes deteriorates upon taking damage. [potion of cure mutation]
 83500 | Vaults:3 | Lost mutation: You occasionally shout uncontrollably at your foes. [potion of cure mutation]
 83500 | Vaults:3 | Lost mutation: You are highly resistant to hostile enchantments. [potion of cure mutation]
 83500 | Vaults:3 | Lost mutation: You have a pair of small antennae on your head. [potion of cure mutation]
 83500 | Vaults:3 | Lost mutation: You are resistant to hostile enchantments. [potion of cure mutation]
 83500 | Vaults:3 | Lost mutation: You do not regenerate naturally. [potion of cure mutation]
 83500 | Vaults:3 | Lost mutation: You do not regenerate naturally when monsters are visible. [potion of cure mutation]
 84980 | Zot:1    | Noticed an orb of fire
 84984 | Zot:1    | Gained mutation: Your magical capacity is low (-10% MP). [an orb of fire]
 84995 | Zot:1    | Killed an orb of fire
 85354 | Zot:2    | Noticed an orb of fire
 85369 | Zot:2    | Gained mutation: You expend magic power (3 MP) to strengthen your wands. [an orb of fire]
 85387 | Zot:2    | Killed an orb of fire
 86136 | Zot:3    | Noticed an orb of fire
 86151 | Zot:3    | Gained mutation: Scrolls take you a little longer to read. [an orb of fire]
 86153 | Zot:3    | Killed an orb of fire
 86968 | Zot:4    | Reached skill level 27 in Invocations
 87642 | Zot:4    | Reached skill level 27 in Fighting
 87736 | Zot:4    | Got a distressingly furry robe
 87739 | Zot:4    | Identified the +1 robe of Valour {Dex+4} (You found it on level 4 of the Realm of Zot)
 88175 | Zot:5    | Entered Level 5 of the Realm of Zot
 88555 | Zot:5    | Noticed an orb of fire
 88622 | Zot:5    | Noticed an ancient lich
 88649 | Zot:5    | Killed an ancient lich
 88833 | Zot:5    | Noticed an orb of fire
 88836 | Zot:5    | Gained mutation: You are clumsy. (Dex -2) [an orb of fire]
 88848 | Zot:5    | Killed an orb of fire
 88849 | Zot:5    | Noticed an orb of fire
 88855 | Zot:5    | Gained mutation: You are weak. (Str -2) [an orb of fire]
 88863 | Zot:5    | Killed an orb of fire
 88976 | Zot:5    | Gained mutation: You are occasionally teleported next to monsters. [an orb of fire]
 88977 | Zot:5    | Lost mutation: You expend magic power (3 MP) to strengthen your wands. [an orb of fire]
 88983 | Zot:5    | Killed an orb of fire
 88989 | Zot:5    | Lost mutation: Scrolls take you a little longer to read. [potion of cure mutation]
 88989 | Zot:5    | Lost mutation: Your magical capacity is low (-10% MP). [potion of cure mutation]
 88989 | Zot:5    | Lost mutation: You regenerate slowly when monsters are visible. [potion of cure mutation]
 88989 | Zot:5    | Lost mutation: You are clumsy. (Dex -2) [potion of cure mutation]
 89831 | Tomb:1   | Entered Level 1 of the Tomb of the Ancients
 89833 | Tomb:1   | Lost mutation: You are weak. (Str -2) [potion of cure mutation]
 89833 | Tomb:1   | Lost mutation: You are occasionally teleported next to monsters. [potion of cure mutation]
 90167 | Tomb:1   | Noticed a greater mummy
 90177 | Tomb:1   | Killed a greater mummy
 90271 | Tomb:1   | Noticed a greater mummy
 90284 | Tomb:1   | Killed a greater mummy
 90461 | Tomb:1   | Noticed a greater mummy
 90477 | Tomb:1   | Killed a greater mummy
 90744 | Tomb:2   | Noticed a greater mummy
 90744 | Tomb:2   | Noticed a greater mummy
 90744 | Tomb:2   | Noticed a greater mummy
 90744 | Tomb:2   | Noticed a greater mummy
 91087 | Tomb:1   | Killed a greater mummy
 91266 | Tomb:1   | Killed a greater mummy
 91790 | Tomb:1   | Killed a greater mummy
 91942 | Tomb:1   | Killed a greater mummy
 92330 | Tomb:1   | Noticed a greater mummy
 92331 | Tomb:1   | Noticed a greater mummy
 92335 | Tomb:1   | Noticed a greater mummy
 92335 | Tomb:1   | Noticed a greater mummy
 92335 | Tomb:1   | Noticed a greater mummy
 92342 | Tomb:1   | Noticed a greater mummy
 92357 | Tomb:2   | Killed a greater mummy
 92491 | Tomb:2   | Got a translucent marble ring
 92494 | Tomb:2   | Identified the ring of Roumalex {rElec MR+ SInv} (You took it off a guardian mummy on level 2 of the Tomb of the Ancients)
 92652 | Tomb:2   | Killed a greater mummy
 92670 | Tomb:2   | Killed a greater mummy
 92767 | Tomb:1   | Killed a greater mummy
 92769 | Tomb:1   | Killed a greater mummy
 92782 | Tomb:1   | Killed a greater mummy
 92819 | Tomb:1   | Noticed a greater mummy
 92833 | Tomb:1   | Killed a greater mummy
 92957 | Tomb:1   | Noticed a greater mummy
 92957 | Tomb:1   | Noticed a greater mummy
 92970 | Tomb:1   | Noticed a greater mummy
 92971 | Tomb:1   | Killed a greater mummy
 93725 | Zig:1    | Entered Level 1 of a ziggurat
 93750 | Zig:2    | Entered Level 2 of a ziggurat
 93754 | Zig:2    | Noticed Yzics the pandemonium lord
 93759 | Zig:2    | Killed Yzics the pandemonium lord
 93776 | Zig:3    | Entered Level 3 of a ziggurat
 93833 | Zig:4    | Entered Level 4 of a ziggurat
 93853 | Zig:4    | Identified a +3 rod of ignition (9/9) (You found it on level 4 of a ziggurat)
 93872 | Zig:5    | Entered Level 5 of a ziggurat
 93953 | Zig:6    | Entered Level 6 of a ziggurat
 93992 | Zig:6    | Identified the Tome of Envenoming
 93995 | Zig:6    | Got a jewelled ice dragon armour
 93997 | Zig:6    | Got a heavily runed golden ring
 94001 | Zig:6    | Identified the ring "Soiter" {Fire rPois rN+ Slay+2 Stlth-} (You found it on level 6 of a ziggurat)
 94010 | Zig:6    | Identified the cursed +0 ice dragon armour of Fauggi {rF- rC++ rN+ Str+6} (You found it on level 6 of a ziggurat)
 94015 | Zig:7    | Entered Level 7 of a ziggurat
 94021 | Zig:7    | Noticed Xoteky the pandemonium lord
 94043 | Zig:7    | Killed Xoteky the pandemonium lord
 94076 | Zig:8    | Entered Level 8 of a ziggurat
 94130 | Zig:8    | Got a smoking platinum ring
 94132 | Zig:8    | Identified the ring "Muas" {Str+2 Int+4 Stlth+} (You found it on level 8 of a ziggurat)
 94140 | Zig:8    | Got a crystal arbalest
 94145 | Zig:8    | Gained mutation: You are resistant to electric shocks. [potion of beneficial mutation]
 94155 | Zig:9    | Entered Level 9 of a ziggurat
 94155 | Zig:9    | Noticed Elystan's ghost (legendary FoFi)
 94203 | Zig:9    | Killed Elystan's ghost
 94245 | Zig:9    | Got a flickering brass amulet
 94247 | Zig:9    | Identified the amulet "Xacesch" {Gourm rPois} (You found it on level 9 of a ziggurat)
 94273 | Zig:10   | Entered Level 10 of a ziggurat
 94378 | Zig:11   | Entered Level 11 of a ziggurat
 94424 | Zig:11   | Gained mutation: You are resistant to hostile enchantments. [potion of beneficial mutation]
 94460 | Zig:12   | Entered Level 12 of a ziggurat
 94548 | Zig:12   | Got a pitted ring mail
 94552 | Zig:12   | Got a bloodstained morningstar
 94559 | Zig:12   | Identified the cursed +0 ring mail of the Princess {rCorr Str+4 Stlth-} (You found it on level 12 of a ziggurat)
 94562 | Zig:12   | Identified the +8 morningstar "Taczoumi" {crush, -Tele rC+ MR+ Str+4 Dex+2} (You found it on level 12 of a ziggurat)
 94575 | Zig:13   | Entered Level 13 of a ziggurat
 94597 | Zig:13   | Noticed a juggernaut
 94598 | Zig:13   | Noticed a juggernaut
 94598 | Zig:13   | Noticed a juggernaut
 94607 | Zig:13   | Killed a juggernaut
 94607 | Zig:13   | Reached skill level 1 in Summonings
 94633 | Zig:13   | Killed a juggernaut
 94636 | Zig:13   | Killed a juggernaut
 94779 | Zig:14   | Entered Level 14 of a ziggurat
 94793 | Zig:14   | Noticed a juggernaut
 94795 | Zig:14   | Noticed a juggernaut
 94806 | Zig:14   | Killed a juggernaut
 94807 | Zig:14   | Killed a juggernaut
 94809 | Zig:14   | Noticed a juggernaut
 94834 | Zig:14   | Killed a juggernaut
 94875 | Zig:14   | Identified the Almanac of Enchantment and the Escort (You found it on level 14 of a ziggurat)
 94974 | Zig:15   | Entered Level 15 of a ziggurat
 95077 | Zig:15   | Identified the Handbook of the Twelve Wonders (You found it on level 15 of a ziggurat)
 95081 | Zig:15   | Identified the Catalogue of the Arsonist
 95115 | Zig:16   | Entered Level 16 of a ziggurat
 95223 | Zig:16   | Gained mutation: You are covered in fur (AC +1). [potion of beneficial mutation]
 95235 | Zig:16   | Got a slimy eveningstar
 95236 | Zig:16   | Identified the +7 eveningstar of Buywuk {elec, Stlth+} (You found it on level 16 of a ziggurat)
 95246 | Zig:16   | Got a slimy leather armour
 95257 | Zig:16   | Identified the +2 leather armour of Honour {rPois} (You found it on level 16 of a ziggurat)
 95285 | Zig:17   | Entered Level 17 of a ziggurat
 95314 | Zig:17   | Reached skill level 10 in Translocations
 95489 | Zig:18   | Entered Level 18 of a ziggurat
 95519 | Zig:18   | Noticed Britaniac's ghost (legendary MiFi)
 95580 | Zig:18   | Killed Britaniac's ghost
 95623 | Zig:18   | Got a warped trident
 95624 | Zig:18   | Identified the +1 trident of the Tiger {distort, +Inv rElec Dex-3 SInv} (You found it on level 18 of a ziggurat)
 95669 | Zig:18   | Got a slimy trident
 95670 | Zig:18   | Identified the +11 trident of True Grit {pierce, Str+7} (You found it on level 18 of a ziggurat)
 95700 | Zig:19   | Entered Level 19 of a ziggurat
 95838 | Zig:19   | Got a warped plate armour
 95849 | Zig:19   | Identified the cursed +1 plate armour of Toguf {rCorr} (You found it on level 19 of a ziggurat)
 95857 | Zig:19   | Identified the Handbook of Floating Conjuration
 95910 | Zig:19   | Got a crude pewter ring
 95912 | Zig:19   | Identified the ring "Ejeshrera" {rCorr Dex+3} (You found it on level 19 of a ziggurat)
 95923 | Zig:19   | Identified the Disquisition on Bewitching Ice
 95933 | Zig:19   | Learned a level 4 spell: Passage of Golubria
 95935 | Zig:19   | Learned a level 1 spell: Apportation
 95962 | Zig:20   | Entered Level 20 of a ziggurat
 96013 | Zig:20   | Gained mutation: You tend to lose your temper in combat. [a cacodemon]
 96014 | Zig:20   | Noticed Zuaseeb the pandemonium lord
 96015 | Zig:20   | Gained mutation: Your magical capacity is low (-10% MP). [a cacodemon]
 96040 | Zig:20   | Mangled by an acid blob

Skill      XL: |  1  2  3  4  5  6  7  8  9 10 11 12 13 14 15 16 17 18 19 20 21 22 23 24 25 26 27 |
---------------+----------------------------------------------------------------------------------+-----
Armour         | 3 4 5 6 8 9 10 11 12 13 14 15 16 19 | 19.1
Fighting       | 4 5 6 7 8 10 11 12 13 14 18 21 22 24 25 27 | 27.0
Axes           | 3 5 6 8 9 11 12 13 14 15 18 19 26 | 26.6
Dodging        | 2 3 4 5 6 8 11 12 14 | 14.6
Maces & Flails | 2 |  2.5
Shields        | 4 9 11 12 13 15 25 | 25.2
Invocations    | 12 18 19 20 21 27 | 27.0
Stealth        | 9 |  9.7
Charms         | 3 6 9 16 | 16.2
Air Magic      | 3 |  3.9
Spellcasting   | 3 4 11 | 11.0
Evocations     | 10 | 10.0
Necromancy     | 6 |  6.3
Translocations | 12 | 12.6
Summonings     | 3 |  3.5

Action                   |  1- 3 |  4- 6 |  7- 9 | 10-12 | 13-15 | 16-18 | 19-21 | 22-24 | 25-27 || total
-------------------------+-------+-------+-------+-------+-------+-------+-------+-------+-------++-------
Melee: War axe           |   113 |   162 |       |       |       |       |       |       |  2051 ||  2326
       Kick              |    16 |    51 |   103 |   257 |   540 |   609 |       |   612 |  3193 ||  5381
       Battleaxe         |       |    53 |   325 |   714 |   918 |       |       |       |       ||  2010
       Whip              |       |       |       |    82 |    40 |       |       |       |       ||   122
       Hand axe          |       |       |       |       |   303 |  1395 |   577 |       |       ||  2275
       Broad axe         |       |       |       |       |       |    12 |   937 |  1059 |  3824 ||  5832
       Unarmed           |       |       |       |       |       |       |       |       |     1 ||     1
Throw: Javelin           |       |       |       |       |       |       |       |       |     1 ||     1
 Cast: Song of Slaying   |       |       |       |       |       |       |       |     9 |   276 ||   285
       Regeneration      |       |       |       |       |       |       |       |       |   157 ||   157
       Haste             |       |       |       |       |       |       |       |       |    20 ||    20
       Blink             |       |       |       |       |       |       |       |       |    10 ||    10
       Repel Missiles    |       |       |       |       |       |       |       |       |     8 ||     8
       Apportation       |       |       |       |       |       |       |       |       |     3 ||     3
       Summon Butterflie |       |       |       |       |       |       |       |       |     3 ||     3
       Swiftness         |       |       |       |       |       |       |       |       |     1 ||     1
Invok: Lesser Servant of |       |       |       |       |     8 |     1 |       |       |       ||     9
       Minor Destruction |       |       |       |       |     2 |     1 |       |       |       ||     3
       Greater Servant o |       |       |       |       |     1 |     9 |    12 |     1 |    19 ||    42
       Major Destruction |       |       |       |       |       |     2 |       |       |     8 ||    10
Evoke: Wand              |       |       |       |     1 |       |     1 |     1 |       |     6 ||     9
       Disc of storms    |       |       |       |       |       |       |       |    21 |     2 ||    23
       Phantom mirror    |       |       |       |       |       |       |       |       |     1 ||     1
  Use: Potion            |       |     1 |     6 |     3 |     5 |     2 |     5 |     1 |    19 ||    42
       Scroll            |       |       |    24 |     6 |    11 |    16 |    32 |    17 |    26 ||   132
 Stab: Distracted        |       |       |       |     1 |     5 |     4 |     2 |     5 |    24 ||    41
       Invisible         |       |       |       |     2 |       |       |       |       |       ||     2
       Confused          |       |       |       |       |       |     1 |       |       |       ||     1
       Sleeping          |       |       |       |       |       |     1 |    11 |     6 |    43 ||    61
       Petrified         |       |       |       |       |       |       |     1 |       |     7 ||     8
       Petrifying        |       |       |       |       |       |       |       |       |     3 ||     3
  Eat: Chunk             |     3 |    10 |    12 |    27 |    36 |    23 |    26 |    20 |    43 ||   200
       Meat ration       |       |       |     1 |       |       |     1 |     1 |       |     9 ||    12
       Pizza             |       |       |     1 |       |     4 |     1 |       |     2 |     5 ||    13
       Beef jerky        |       |       |       |     1 |       |     2 |     1 |       |     3 ||     7
       Bread ration      |       |       |       |       |       |     1 |     1 |     1 |    12 ||    15
       Fruit             |       |       |       |       |       |       |       |       |     7 ||     7
       Royal jelly       |       |       |       |       |       |       |       |       |     1 ||     1
Armor: Scale mail        |    56 |   120 |    28 |       |       |       |       |       |       ||   204
       Chain mail        |       |       |   113 |   645 |   799 |   464 |   215 |       |       ||  2236
       Leather armour    |       |       |    70 |       |       |       |       |       |       ||    70
       Ring mail         |       |       |       |       |       |    49 |       |       |       ||    49
       Plate armour      |       |       |       |       |       |       |   164 |   178 |       ||   342
       Steam dragon armo |       |       |       |       |       |       |       |   151 |  1407 ||  1558
Dodge: Dodged            |    33 |    79 |   170 |   403 |   647 |   423 |   392 |   417 |  3746 ||  6310
       Deflected         |       |       |       |       |       |       |       |       |    38 ||    38
Block: Shield            |    53 |    83 |       |    52 |   161 |   957 |  1111 |   693 |  4020 ||  7130
       Reflection        |       |       |       |       |       |    43 |    62 |       |       ||   105
       Large shield      |       |       |       |       |       |       |       |       |   707 ||   707
